 Dungeon Crawl Stone Soup version 0.28.0-62-gf88900778d (webtiles) character file.

Game seed: 1146891004916474804

35756 cbfl8 the Severer (level 13, -3/174 HPs)
             Began as a Minotaur Berserker on Sept 29, 2023.
             Was a High Priest of Trog.
             Slain by a juggernaut zombie (53 damage)
             ... on level 15 of the Dungeon.
             The game lasted 00:25:42 (22051 turns).

cbfl8 the Severer (Minotaur Berserker)             Turns: 22051, Time: 00:25:42

Health: -3/174     AC: 17    Str: 24    XL:     13   Next: 49%
Magic:  12/12      EV: 12    Int:  4    God:    Trog [*****.]
Gold:   1253       SH: 17    Dex: 16    Spells: 12/12 levels left

rFire   . . .      SeeInvis .   H - +8 war axe of Juaxiymoy {venom, Dex+3}
rCold   + . .      Faith    .   r - +0 kite shield
rNeg    . . .      Spirit   .   c - +0 chain mail
rPois   .          Reflect  +   (helmet restricted)
rElec   .          Harm     .   J - scarf {+Inv}
rCorr   .          Rampage  .   p - +2 pair of gloves {Stlth+}
Will    .....                   C - +0 pair of boots
Stlth   ..........              i - amulet of reflection
HPRegen 0.39/turn               I - +4 ring of evasion
MPRegen 0.13/turn               a - ring of Yrojidde {rC+ Slay+3}

@: berserking (expiring), slowed
A: horns 2, retaliatory headbutt
a: Renounce Religion, Evoke Invisibility, Berserk, Trog's Hand, Brothers in Arms


You were on level 15 of the Dungeon.
You worshipped Trog.
Trog was extremely pleased with you.
You visited 1 branch of the dungeon, and saw 15 of its levels.
You also visited: Sewer and Bailey.

You collected 1253 gold pieces.

Inventory:

Hand Weapons
 H - the +8 war axe of Juaxiymoy (weapon) {venom, Dex+3}
   (You found it on level 13 of the Dungeon)

   It poisons the flesh of those it strikes.
   Dex:       It affects your dexterity (+3).
Missiles
 x - 5 throwing nets
Armour
 c - a +0 chain mail (worn)
 p - a +2 pair of gloves of stealth (worn)
 r - a +0 kite shield (worn)
 C - a +0 pair of boots (worn)
 J - a scarf of invisibility (worn)
Jewellery
 a - the ring of Yrojidde (right hand) {rC+ Slay+3}
   (You acquired it in a bailey)

   [ring of protection from cold]

   Slay:      It affects your accuracy & damage with ranged weapons and melee
   (+3).
   rC:        It protects you from cold.
 i - an amulet of reflection (around neck)
 I - a +4 ring of evasion (left hand)
Wands
 y - a wand of iceblast (14) (quivered)
 z - a wand of flame (31)
Scrolls
 e - 4 scrolls of noise
 f - 7 scrolls of teleportation
 h - 2 scrolls of magic mapping
 k - 2 scrolls of fog
 q - 3 scrolls of enchant armour
 s - 2 scrolls of fear
 v - 3 scrolls of enchant weapon
 D - a scroll of silence
 K - a scroll of blinking
Potions
 b - 4 potions of curing
 d - a potion of cancellation
 g - 3 potions of lignification {unknown}
 j - 6 potions of ambrosia
 l - 3 potions of degeneration
 m - 2 potions of resistance
 n - 5 potions of flight
 o - a potion of invisibility {unknown}
 t - a potion of attraction {unknown}
 u - a potion of berserk rage {unknown}
 w - a potion of mutation {unknown}
 A - 4 potions of heal wounds
 B - a potion of might {unknown}
 E - 3 potions of haste {unknown}
 G - 2 potions of brilliance {unknown}
Miscellaneous
 F - a tin of tremorstones (2/2)


   Skills:
 + Level 11.5 Fighting
 + Level 16.4 Axes
 + Level 12.4 Armour
 - Level 2.1 Dodging
 + Level 10.3 Shields
 * Level 9.7 Evocations


You had 12 spell levels left.
You didn't know any spells.
Your spell library was empty.

Dungeon Overview and Level Annotations

Branches:
Dungeon (15/15)            Temple (0/1) D:7            Lair (0/6) D:10
    Orc (0/2) D:10         Vaults (0/5) D:14         Depths (0/4) D:15
  Sewer (visited)          Bailey (visited)

Altars:
Elyvilon
Gozag
Okawaru
Sif Muna
Uskayaw
Xom
Zin
Beogh

Shops:
D:11 :

Annotations:
D:6 1 runed translucent door
D:7 3 runed translucent doors, Loveship's ghost, novice DDFi
D:8 3 runed translucent doors, wrshamilton's ghost, novice NaFi
D:12 3 runed translucent doors, cbfl8's ghost, journeyman MiFi


Innate Abilities, Weirdness & Mutations

You have a pair of horns on your head.
You reflexively headbutt those who attack you in melee.


Message History

Something draws strength from your injuries!
You slash something! You headbutt something! You slash something!
Something hits you. Something drains your vigour!
You feel as though you will be slow longer.
The skeletal warrior hits you from afar with a +0 glaive!
Something hits you but does no damage. Something bites you.
* * * LOW HITPOINT WARNING * * *
Something draws strength from your injuries!
You slice something!! Trog accepts your kill.
Trog appreciates your killing of a magic user.
Reactivating autopickup.
The mummy disappears in a puff of smoke!
You feel a bit more experienced.
The skeletal warrior completely misses you.
A spriggan berserker zombie comes into view.
You hit the juggernaut zombie but do no damage.
The juggernaut zombie closely misses you.
The juggernaut zombie hits you.
* * * LOW HITPOINT WARNING * * *
A necromancer comes into view. It is wielding a +0 dagger.
Unknown command.
You slash the juggernaut zombie!
The juggernaut zombie is lightly damaged.
You block the skeletal warrior's attack.
Unknown command.
You slash the juggernaut zombie! You headbutt the juggernaut zombie!
The juggernaut zombie is moderately damaged.
The skeletal warrior hits you but does no damage.
Unknown command.
You hit the juggernaut zombie but do no damage.
The juggernaut zombie is moderately damaged.
The necromancer gestures at you while chanting.
You struggle to resist.
The skeletal warrior closely misses you.
Unknown command.
You slice the juggernaut zombie!! You headbutt the juggernaut zombie!
The juggernaut zombie is moderately damaged.
The juggernaut zombie hits you!!!
You die...

...†.#†.†..#...P.
..)..#.....# ..........
.....#....†# .......>..
....)†...††# #......8..
.....####### #.........
....### #....8.8..
......# .z..Z....
....#.##########Z)....p8
....#...........@[....P.
#####################...


You could see a skeletal warrior, a necromancer, a spriggan berserker zombie and
a juggernaut zombie.

Vanquished Creatures
  A yaktaur captain (D:14)
  Harold (D:7)
  2 boulder beetles (D:14)
  2 hydras
  6 two-headed ogres
  2 tengu warriors
  3 centaur warriors (D:13)
  A vampire mage (D:15)
  A skeletal warrior (D:15)
  4 deep elf pyromancers
  2 orc knights
  2 manticores
  4 ugly things
  4 cyclopes
  2 centaur zombies (D:11)
  An unseen horror (D:10)
  A kobold demonologist (D:11)
  An efreet (D:14)
  A freezing wraith (D:14)
  A komodo dragon (D:11)
  3 yaktaurs
  2 tengu conjurers
  A queen bee (D:15)
  A troll (D:10)
  3 meliai (D:15)
  5 slime creatures
  A shadow (D:11)
  A wraith (D:11)
  2 basilisks
  3 wyverns
  6 vampire mosquitoes
  20 yaks
  A steam dragon (D:8)
  An acid dragon (D:11)
  A warg (D:15)
  5 water moccasins
  Pargi (D:3)
  3 black bears
  2 ogres
  8 orc warriors
  A sky beast (D:5)
  9 centaurs
  A phantom (D:5)
  5 kobold brigands
  3 bullfrogs
  3 gnoll sergeants
  2 wyvern zombies
  11 scorpions
  A wyvern skeleton (D:7)
  23 killer bees
  4 wights (D:8)
  7 electric eels (Bailey)
  3 howler monkeys
  2 bullfrog skeletons
  5 hounds
  A jelly (D:4)
  2 orc priests
  4 iguanas
  4 orc wizards
  A howler monkey zombie (D:11)
  22 gnolls
  A howler monkey skeleton (D:7)
  18 adders
  6 river rats (Sewer)
  A shadow imp (D:7)
  A white imp (D:8)
  4 worms
  7 dart slugs
  39 orcs
  14 endoplasms
  12 giant cockroaches
  18 goblins
  11 hobgoblins
  13 jackals
  19 kobolds
  5 quokkas
  9 ball pythons
  8 bats
  4 frilled lizards
  5 rats
  2 butterflies (D:6)
423 creatures vanquished.

Vanquished Creatures (collateral kills)
  2 orc high priests (Bailey)
2 creatures vanquished.

Vanquished Creatures (others)
  A quokka (D:3)
  2 fungi (D:10)
  9 plants (D:10)
  A withered plant (D:15)
13 creatures vanquished.

Grand Total: 438 creatures vanquished

Notes
Turn   | Place    | Note
-------+----------+-------------------------------------------
     0 | D:1      | cbfl8 the Minotaur Berserker began the quest for the Orb.
     0 | D:1      | Reached XP level 1. HP: 19/19 MP: 0/0
   142 | D:1      | Found a faded altar of an unknown god.
   293 | D:1      | Reached XP level 2. HP: 23/27 MP: 1/1
   297 | D:1      | Reached skill level 4 in Axes
   843 | D:1      | Reached XP level 3. HP: 33/33 MP: 2/2
   986 | D:1      | You fall into a shaft and drop 1 floor!
   989 | D:2      | Reached skill level 1 in Evocations
  1008 | D:2      | Reached ** piety under Trog
  1392 | D:1      | Reached XP level 4. HP: 30/41 MP: 3/3
  1762 | D:2      | Reached skill level 5 in Axes
  2711 | D:3      | Reached XP level 5. HP: 47/47 MP: 4/4
  2757 | D:3      | Noticed Pargi
  2772 | D:3      | Killed Pargi
  2773 | D:3      | Reached skill level 5 in Fighting
  2773 | D:3      | Reached skill level 6 in Axes
  3048 | D:3      | Found a white marble altar of Elyvilon.
  3141 | D:3      | Reached *** piety under Trog
  3367 | D:3      | Reached XP level 6. HP: 54/56 MP: 5/5
  3585 | D:4      | Found a hide-covered altar of Uskayaw.
  4080 | D:4      | Reached skill level 7 in Axes
  4967 | D:5      | Entered Level 5 of the Dungeon
  4982 | D:5      | Reached XP level 7. HP: 58/61 MP: 6/6
  5019 | D:5      | Found an iron altar of Okawaru.
  5122 | D:5      | Found an opulent altar of Gozag.
  5123 | D:5      | Found a shimmering blue altar of Sif Muna.
  5281 | D:5      | Reached skill level 1 in Shields
  5349 | D:5      | Found a glowing silver altar of Zin.
  6171 | D:6      | Reached skill level 5 in Armour
  6214 | D:6      | Found a glowing drain.
  6223 | Sewer    | Entered a sewer
  6583 | Sewer    | Reached XP level 8. HP: 70/70 MP: 7/7
  6586 | Sewer    | Reached skill level 8 in Axes
  6997 | D:6      | Reached **** piety under Trog
  7595 | D:6      | Found a runed translucent door.
  7600 | D:6      | Found a runed translucent door.
  7768 | D:6      | Reached skill level 9 in Axes
  8129 | D:7      | Found a runed translucent gate.
  8129 | D:7      | Noticed a gargoyle
  8129 | D:7      | Noticed a freezing wraith
  8129 | D:7      | Noticed Loveship's ghost (novice DDFi)
  8131 | D:7      | Found a runed translucent gate.
  8180 | D:7      | Reached XP level 9. HP: 78/78 MP: 8/8
  8232 | D:7      | Found a flagged portal.
  8239 | Bailey   | Entered a bailey
  8517 | Bailey   | Reached skill level 10 in Axes
  8910 | Bailey   | Reached skill level 5 in Evocations
  9201 | Bailey   | Acquired the ring of Yrojidde {rC+ Slay+3}
  9372 | Bailey   | Noticed an orc high priest
  9374 | Bailey   | Noticed an orc high priest
  9375 | Bailey   | Noticed a hellwing
  9376 | Bailey   | Noticed a red devil
  9376 | Bailey   | Noticed an orc knight
  9382 | Bailey   | Killed an orc high priest
  9383 | Bailey   | Reached skill level 11 in Axes
  9383 | Bailey   | Killed an orc high priest
  9384 | Bailey   | Reached XP level 10. HP: 84/88 MP: 9/9
  9384 | Bailey   | Found an iron altar of Okawaru.
  9389 | Bailey   | Killed an orc knight
  9687 | Bailey   | Identified the +1 dagger "Rijaeps" {vorpal, Contam rElec
                  | rF+ Int+3}
  9933 | D:7      | Acquired a +2 pair of gloves of stealth
 10149 | D:7      | Found a staircase to the Ecumenical Temple.
 10243 | D:7      | Found a runed translucent gate.
 10298 | D:7      | Reached skill level 12 in Axes
 10314 | D:7      | Noticed Harold
 10333 | D:7      | Killed Harold
 10506 | D:8      | Found a runed translucent gate.
 10506 | D:8      | Found a runed translucent gate.
 10506 | D:8      | Found a runed translucent gate.
 10522 | D:8      | Identified the +0 plate armour "Tustulol" {*Slow +Inv SInv}
 10526 | D:8      | Noticed wrshamilton's ghost (novice NaFi)
 10969 | D:8      | Reached ***** piety under Trog
 11694 | D:9      | Noticed a two-headed ogre
 11702 | D:9      | Killed a two-headed ogre
 11703 | D:9      | Reached skill level 5 in Shields
 12140 | D:10     | Entered Level 10 of the Dungeon
 12163 | D:10     | Reached XP level 11. HP: 84/95 MP: 10/10
 12200 | D:10     | Reached skill level 13 in Axes
 12224 | D:10     | Noticed a two-headed ogre
 12227 | D:10     | Found a staircase to the Lair.
 12234 | D:10     | Killed a two-headed ogre
 12577 | D:10     | Found a staircase to the Orcish Mines.
 12591 | D:10     | Reached skill level 10 in Armour
 12867 | D:10     | Noticed a two-headed ogre
 12875 | D:10     | Killed a two-headed ogre
 13281 | D:10     | Received a gift from Trog
 13626 | D:11     | Noticed a six-headed hydra
 13637 | D:11     | Killed a ten-headed hydra
 13639 | D:11     | Reached skill level 14 in Axes
 14049 | D:11     | Noticed a two-headed ogre
 14055 | D:11     | Killed a two-headed ogre
 14252 | D:11     | Noticed a white ugly thing
 14259 | D:11     | Killed a white ugly thing
 14544 | D:11     | Found Ustout Cusa's Book Emporium.
 14871 | D:11     | Reached XP level 12. HP: 106/106 MP: 11/11
 15126 | D:12     | Noticed a two-headed ogre
 15129 | D:12     | Killed a two-headed ogre
 15211 | D:12     | Reached skill level 10 in Fighting
 16508 | D:12     | Noticed a war gargoyle
 16513 | D:12     | Found a runed translucent gate.
 16513 | D:12     | Found a runed translucent gate.
 16515 | D:12     | Found a runed translucent gate.
 16523 | D:12     | Noticed cbfl8's ghost (journeyman MiFi)
 16531 | D:12     | Reached skill level 15 in Axes
 17358 | D:13     | Noticed a centaur warrior
 17548 | D:13     | Killed a centaur warrior
 17633 | D:13     | Identified the +8 war axe of Juaxiymoy {venom, Dex+3}
 18214 | D:13     | Noticed a tengu warrior
 18214 | D:13     | Noticed a centaur warrior
 18214 | D:13     | Noticed a two-headed ogre
 18221 | D:13     | Killed a centaur warrior
 18222 | D:13     | Killed a two-headed ogre
 18228 | D:13     | Noticed a centaur warrior
 18229 | D:13     | Killed a tengu warrior
 18238 | D:13     | Killed a centaur warrior
 18452 | D:13     | Noticed a five-headed hydra
 18462 | D:13     | Killed an 11-headed hydra
 18758 | D:14     | Noticed a boulder beetle
 18770 | D:14     | Killed a boulder beetle
 18771 | D:14     | Reached XP level 13. HP: 73/115 MP: 12/12
 19336 | D:14     | Reached skill level 16 in Axes
 19567 | D:14     | Found a gate to the Vaults.
 20906 | D:14     | Found a shimmering altar of Xom.
 21115 | D:15     | Entered Level 15 of the Dungeon
 21815 | D:15     | Reached skill level 10 in Shields
 22032 | D:15     | Found a staircase to the Depths.
 22051 | D:15     | Slain by a juggernaut zombie

Illustrated notes

Levels and vault maps discovered:
D:1:      minmay_arrival_loop, layout_loops_corners, basic_ecumenical_altar
D:2:      layout_basic, hangedman_feature_mirror, chequers_jeans,
          chequers_serial_rivers_small_a
D:3:      layout_loops_ring, elyvilon_altar_4, uniq_pargi
D:4:      layout_basic, eat_drink_and_be_merry_uskayaw, minmay_puff
D:5:      layout_layer_cave, zin_treasury, okawaru_trees_1,
          grunt_temple_overflow_open
D:6:      lemuel_insect_pit, layout_basic, serial_glass, glass_columns_a,
          glass_columns_a, item_on_display_b, minmay_strange_pillars,
          minmay_strange_pillars, gup_sewer_entry_bubbles, hex_tiny
D:7:      layout_cave_pools, temple_fountains, gammafunk_ghost_split,
          enter_bailey_3, hangedman_abyss_or_decor_slice, serial_bayou_pond_d,
          uniq_harold
D:8:      layout_gridville, biasface_ghost_orc_armoury, minivault_24,
          grunt_decor_clamped
D:9:      layout_roguey, minivault_16
D:10:     layout_roguey, minmay_lair_entry_grove, david_orc_5
D:11:     layout_irregular_city, serial_shops, shop, minmay_increasing_density
D:12:     layout_loops_ring, gammafunk_ghost_split
D:13:     layout_cave_pools
D:14:     layout_basic, david_vaults_2, xom_teletrap_fun,
          serial_co_window_serial, co_window_of_opportunity_a,
          co_window_of_opportunity_a, co_window_paths_b, co_window_paths_a,
          co_window_corner_a, co_window_of_opportunity_b,
          co_window_of_opportunity_b, co_window_2corner, co_window_2corner,
          glass_columns_c, glass_columns_a
D:15:     gammafunk_depths_entry_grave, layout_rooms, special_room
          [special_room_bee], columned_hall_lemuel, serial_bayou_pond_a

Skill      XL: |  1  2  3  4  5  6  7  8  9 10 11 12 13 |
---------------+----------------------------------------+-----
Axes           | 4 5 6 7 9 11 12 14 15 16 | 16.4
Fighting       | 4 5 6 7 8 9 10 11 | 11.5
Evocations     | 1 2 3 4 5 6 8 9 |  9.7
Armour         | 3 5 6 8 9 10 11 12 | 12.4
Shields        | 1 2 3 5 7 9 10 | 10.3
Dodging        | |  2.1

Action                   |  1- 3 |  4- 6 |  7- 9 | 10-12 | 13-15 || total
-------------------------+-------+-------+-------+-------+-------++-------
Melee: Hand axe          |    80 |   145 |   275 |       |       ||   500
       Headbutt          |    14 |    21 |    62 |   111 |    22 ||   230
       War axe           |       |       |    75 |   475 |    96 ||   646
       Punch             |       |       |       |     3 |       ||     3
Invok: Berserk           |       |     3 |     4 |     7 |     1 ||    15
       Trog's Hand       |       |       |     3 |       |       ||     3
       Brothers in Arms  |       |       |     1 |       |       ||     1
Evoke: Wand              |       |       |     8 |     2 |     4 ||    14
  Use: Scroll            |       |     7 |     7 |     5 |     2 ||    21
 Stab: Sleeping          |     1 |     1 |       |       |       ||     2
Armor: Animal skin       |    12 |     5 |       |       |       ||    17
       Chain mail        |       |    36 |   153 |   203 |    24 ||   416
Dodge: Dodged            |    53 |    63 |   143 |   137 |    34 ||   430
Block: Other             |       |    16 |    58 |     3 |       ||    77
       Reflection        |       |     2 |       |    22 |    13 ||    37
       Kite shield       |       |       |       |   388 |    75 ||   463
